 Dungeon Crawl Stone Soup version 0.28.0 (webtiles) character file.

Game seed: 10275369155640464145

122 zeram the Poker (level 5, -1/61 HPs)
             Began as a Merfolk Fighter on Feb 4, 2022.
             Slain by a centaur (4 damage)
             ... on level 3 of the Dungeon.
             The game lasted 00:02:27 (1900 turns).

zeram the Poker (Merfolk Fighter)                   Turns: 1900, Time: 00:02:28

Health: -1/61      AC:  7    Str: 18    XL:     5   Next: 6%
Magic:  5/5        EV:  6    Int:  8    God:
Gold:   131        SH:  5    Dex: 13    Spells: 4/4 levels left

rFire   . . .      SeeInvis .   a - +0 trident
rCold   . . .      Faith    .   c - +0 buckler
rNeg    . . .      Spirit   .   b - +0 scale mail
rPois   .          Reflect  .   g - +0 helmet
rElec   .          Harm     .   (no cloak)
rCorr   .          Rampage  .   (no gloves)
Will    .....                   (no boots)
Stlth   ..........              (no amulet)
HPRegen 0.20/turn               (no ring)
MPRegen 0.09/turn               (no ring)

@: berserking, constricted, very quick
A: (nimble swimmer 2), mertail
a: no special abilities


You were on level 3 of the Dungeon.
You visited 1 branch of the dungeon, and saw 3 of its levels.

You collected 131 gold pieces.

Inventory:

Hand Weapons
 a - a +0 trident (weapon)
Armour
 b - a +0 scale mail (worn)
 c - a +0 buckler (worn)
 g - a +0 helmet (worn)
Jewellery
 i - a +6 ring of dexterity
Potions
 d - a potion of might
 k - 2 potions of cancellation


   Skills:
 - Level 3.6 Fighting
 + Level 6.1 Polearms
 - Level 2.2 Armour
 + Level 1.4 Dodging
 + Level 3.5 Shields


You had 4 spell levels left.
You didn't know any spells.
Your spell library was empty.

Dungeon Overview and Level Annotations

Branches:
Dungeon (3/15)

Altars:


Innate Abilities, Weirdness & Mutations

((You are very nimble when in or above water. (Stealth+, EV+, Speed+++)))
Your lower body shifts to a powerful aquatic tail in water.


Message History

The centaur kicks you. You block the ball python's attack.
The ball python constricts you.
You barely miss the centaur.
The centaur is moderately wounded.
The centaur hits you but does no damage.
The centaur kicks you but does no damage.
The ball python bites you. The ball python constricts you.
The centaur hits you but does no damage.
You block the centaur's attack.
You puncture the centaur!
The centaur is severely wounded.
The ball python closely misses you. The ball python constricts you.
The centaur hits you.
* * * LOW HITPOINT WARNING * * *
The centaur kicks you but does no damage.
Unknown command.
You hit the centaur.
The centaur is almost dead.
The centaur hits you.
* * * LOW HITPOINT WARNING * * *
The centaur kicks you but does no damage.
The ball python bites you but does no damage.
The ball python constricts you. The centaur barely misses you.
The centaur kicks you but does no damage.
The ball python bites you but does no damage.
The ball python constricts you.
* * * LOW HITPOINT WARNING * * *
You hit the centaur but do no damage.
The centaur is almost dead.
The centaur hits you.
* * * LOW HITPOINT WARNING * * *
The centaur kicks you.
* * * LOW HITPOINT WARNING * * *
The ball python bites you but does no damage.
The ball python constricts you.
* * * LOW HITPOINT WARNING * * *
It was a potion of berserk rage.
A red film seems to cover your vision as you go berserk!
You feel yourself moving faster!
You feel mighty! The centaur hits you.
You die...

......####.......####..
....#.####.............
#..#.......##.######..#.
##....#######.#####.....
#.....# #.##.......#
##..#..#####.##..##....
#...................##
.....................
.....$..#.@S......
...........c......
........#.........
#....######..##... #..##
... #. .. #... ....
.#...


You could see a centaur and a ball python.

Vanquished Creatures
  A hound (D:3)
  4 adders
  A dart slug (D:1)
  4 orcs (D:2)
  7 bats
  6 endoplasms
  2 giant cockroaches
  3 goblins
  2 hobgoblins (D:1)
  3 kobolds
  2 quokkas
  5 ball pythons
  4 frilled lizards
  8 rats
52 creatures vanquished.

Vanquished Creatures (others)
  A plant (D:1)
1 creature vanquished.

Grand Total: 53 creatures vanquished

Notes
Turn   | Place    | Note
-------+----------+-------------------------------------------
     0 | D:1      | zeram the Merfolk Fighter began the quest for the Orb.
     0 | D:1      | Reached XP level 1. HP: 18/18 MP: 1/1
    93 | D:1      | Reached XP level 2. HP: 24/24 MP: 2/2
   102 | D:1      | Found a faded altar of an unknown god.
   451 | D:1      | Reached XP level 3. HP: 26/29 MP: 3/3
   497 | D:2      | Reached skill level 4 in Polearms
  1241 | D:2      | Reached skill level 1 in Dodging
  1241 | D:2      | Reached XP level 4. HP: 24/36 MP: 4/4
  1304 | D:2      | Reached skill level 5 in Polearms
  1680 | D:3      | Reached skill level 6 in Polearms
  1680 | D:3      | Reached XP level 5. HP: 16/41 MP: 5/5
  1890 | D:3      | Noticed a centaur
  1899 | D:3      | HP: 2/41 [centaur (2)]
  1900 | D:3      | Slain by a centaur

Illustrated notes

Levels and vault maps discovered:
D:1:      matt_arrival_diagonals, layout_rooms,
          dreamdust_ecumenical_altar_grove, minmay_ruptured
D:2:      layout_basic
D:3:      layout_rooms, nicolae_yredelemnul_corpse_copse,
          pdpol_wu_jian_five_deadly_venoms, vehumet_crystals

Skill      XL: |  1  2  3  4 |
---------------+-------------+-----
Polearms       | 4 6 |  6.1
Dodging        | 1 |  1.4
Fighting       | |  3.6
Armour         | |  2.2
Shields        | |  3.5

Action                   |  1- 3 |  4- 6 || total
-------------------------+-------+-------++-------
Melee: Trident           |   120 |    50 ||   170
  Use: Scroll            |       |     3 ||     3
       Potion            |       |     1 ||     1
Armor: Scale mail        |    41 |    23 ||    64
Dodge: Dodged            |    36 |    19 ||    55
Block: Buckler           |    14 |    13 ||    27
